 Dungeon Crawl Stone Soup version 0.18-a0-1655-ge2d8d33 (webtiles) character file.

2319 manon the Cleaver (level 9, -11/70 HPs)
             Began as a Hill Orc Fighter on Mar 30, 2016.
             Was a Follower of the Shining One.
             Mangled by an orc warrior (14 damage)
             ... in a bailey.
             The game lasted 00:57:10 (5731 turns).

manon the Cleaver (Hill Orc Fighter)                Turns: 5731, Time: 00:57:11

Health: -11/70     AC:  9    Str: 22    XL:     9   Next: 41%
Magic:  0/11       EV: 10    Int:  8    God:    the Shining One [*.....]
Gold:   278        SH:  0    Dex: 10    Spells: 0 memorised, 8 levels left

rFire  . . .     SeeInvis .     a - +1 war axe
rCold  . . .     Gourm    .     b - +0 scale mail
rNeg   . . .     Faith    .     (no shield)
rPois  .         Spirit   +     (no helmet)
rElec  .         Dismiss  .     i - +0 cloak
rCorr  .         Reflect  .     (no gloves)
SustAt .         Harm     .     (no boots)
MR     .....                    y - amulet of guardian spirit
Stlth  +.........               p - ring of flight
                                k - ring of stealth

@: flying, very slightly contaminated, glowing, not resistant to hostile
enchantments, very unstealthy
A: no striking features
a: Renounce Religion


You were in a bailey.
You worshipped the Shining One.
The Shining One was aware of your devotion.
You were not hungry.

You visited 1 branch of the dungeon, and saw 7 of its levels.
You also visited: Bailey.

You collected 278 gold pieces.

Inventory:

Hand Weapons
 a - a +1 war axe (weapon)
 m - a +0 arbalest
 D - a cursed -2 mace
 G - a +0 flail
 K - a +4 antimagic dire flail
Missiles
 j - 101 stones (quivered)
 o - 8 poisoned needles
 E - 6 bolts
Armour
 b - a +0 scale mail (worn)
 c - a +1 shield
 i - a +0 cloak (worn)
Jewellery
 k - a ring of stealth (left hand)
 p - a ring of flight (right hand)
 u - an uncursed ring of wizardry
 y - an amulet of guardian spirit (around neck)
Wands
 d - a wand of paralysis (12/24)
Scrolls
 e - 3 scrolls of remove curse
 n - 3 scrolls of identify
 w - 3 scrolls of amnesia
 x - a scroll of enchant weapon
 B - a scroll of random uselessness
Potions
 r - a potion of invisibility {unknown}
 s - a potion of lignification {unknown}
 t - 3 potions of curing {unknown}
 v - a potion of haste {unknown}
 z - a potion of brilliance {unknown}
 A - 4 potions of cure mutation {unknown}
 I - 2 potions of mutation {unknown}
 M - a potion of agility {unknown}
Books
 H - the Incunabulum of Protection
   (You found it on level 4 of the Dungeon)

   Spells                             Type                      Level
   a - Infusion                       Charms                       1
   b - Shroud of Golubria             Charms/Translocation         2
   c - Ozocubu's Armour               Charms/Ice                   3
   d - Haste                          Charms                       6
Comestibles
 f - 6 bread rations
 h - 6 fruits
 l - 4 meat rations
 J - 2 slices of pizza
 L - a royal jelly


   Skills:
 - Level 3.6 Fighting
 * Level 10.3 Axes
 * Level 9.2 Armour
 + Level 6.4 Shields
 + Level 2.7 Invocations


You had 8 spell levels left.
You didn't know any spells.

Dungeon Overview and Level Annotations

Branches:
Dungeon (7/15)
 Temple: D:4-7

Altars:
Fedhas
Kikubaaqudgha
Nemelex Xobeh
Okawaru
Pakellas
Trog
The Shining One


Message History

* * * LOW HITPOINT WARNING * * *
Read which item? (? for menu, Esc to quit)
Blink to where?
Press: ? - help, Dir - move target cursor, p - orc warrior You are very lightly contaminated with residual magic.
As you read the scroll of blinking, it crumbles to dust.
Really attack while wielding your +0 arbalest? [Y]es or [N]o only, please.
Really attack while wielding your +0 arbalest?
Okay, then.
Wield which item (- for none, * to show all)? (? for menu, Esc to quit)
a - a +1 war axe (weapon)
The orc warrior unwields an uncursed arbalest.
The orc warrior barely misses you.
You hit the orc warrior.
The orc warrior is almost dead.
You hit the orc warrior but do no damage.
The orc warrior is almost dead.
The orc warrior hits you!
You die...

#.((............
#(.............
#(............
#............
#(......≈≈≈≈
#......≈≈#.# .
#..(...≈##.##≈...
#(..(((≈)[^..≈...
#....@o≈##.##≈...
#.....(≈≈#.# .
#....(..≈≈≈≈≈
#...(........
#.............
#(.............
#(............##
#............


You could see an orc warrior.

Vanquished Creatures
  Pikel (D:5)
  Grinder (D:5)
  Sigmund (D:5)
  Eustachio (D:6)
  Edmund (D:5)
  Menkaure (D:6)
  A sky beast (D:6)
  A slave (D:5)
  An orc warrior (Bailey)
  A black bear (D:6)
  A phantom (D:5)
  A giant frog (D:5)
  2 scorpions
  A crimson imp (D:5)
  3 orc priests
  2 centaur skeletons
  2 jellies (D:7)
  4 orc wizards
  A giant frog skeleton (D:4)
  2 iguanas
  3 worker ants
  7 adders
  3 adder skeletons
  A worm (D:3)
  2 dart slugs
  4 giant geckos
  18 orcs
  11 bats
  5 giant cockroaches
  6 goblins
  5 hobgoblins
  5 jackals (D:4)
  6 kobolds
  2 quokkas
  A ball python (D:3)
  2 giant gecko skeletons
  2 giant newts
  A quokka skeleton (D:4)
  10 rats
  2 fungi (D:3)
125 creatures vanquished.

Vanquished Creatures (others)
  A giant frog (D:7)
  A worker ant (D:5)
  An adder (D:5)
  An orc (D:5)
4 creatures vanquished.

Grand Total: 129 creatures vanquished

Notes
Turn   | Place    | Note
--------------------------------------------------------------
     0 | D:1      | manon the Hill Orc Fighter began the quest for the Orb.
     0 | D:1      | Reached XP level 1. HP: 19/19 MP: 1/1
   158 | D:1      | Reached skill level 3 in Axes
   168 | D:1      | Reached XP level 2. HP: 23/26 MP: 2/2
   707 | D:1      | Reached XP level 3. HP: 31/31 MP: 3/3
  1262 | D:3      | Found a blossoming altar of Fedhas.
  1271 | D:2      | Reached skill level 4 in Axes
  1271 | D:2      | Reached XP level 4. HP: 25/39 MP: 4/4
  1769 | D:3      | Found a sparkling altar of Nemelex Xobeh.
  1930 | D:4      | Reached XP level 5. HP: 43/45 MP: 1/5
  1959 | D:3      | Reached skill level 5 in Axes
  1959 | D:3      | Reached skill level 5 in Armour
  2656 | D:3      | Reached XP level 6. HP: 39/51 MP: 6/6
  3029 | D:5      | Entered Level 5 of the Dungeon
  3344 | D:4      | Found an ancient bone altar of Kikubaaqudgha.
  3345 | D:4      | Found an iron altar of Okawaru.
  3348 | D:4      | Reached skill level 6 in Axes
  3549 | D:4      | Identified the Incunabulum of Protection
  3571 | D:4      | Found a glowing golden altar of the Shining One.
  3872 | D:5      | Noticed Edmund
  3942 | D:4      | Became a worshipper of the Shining One
  3977 | D:4      | Reached XP level 7. HP: 42/57 MP: 5/7
  4153 | D:5      | Noticed Pikel
  4176 | D:5      | Killed Pikel
  4176 | D:5      | Reached skill level 7 in Axes
  4176 | D:5      | Reached skill level 5 in Shields
  4176 | D:5      | Reached XP level 8. HP: 47/64 MP: 6/8
  4202 | D:5      | Noticed Sigmund
  4228 | D:5      | Killed Sigmund
  4228 | D:5      | Reached skill level 8 in Axes
  4602 | D:5      | Noticed Grinder
  4611 | D:5      | Killed Grinder
  4611 | D:5      | Reached skill level 9 in Axes
  4652 | D:5      | Found an oddly glowing altar of Pakellas.
  4692 | D:5      | Killed Edmund
  4906 | D:6      | Reached skill level 1 in Invocations
  4906 | D:6      | Reached XP level 9. HP: 56/70 MP: 7/9
  5143 | D:6      | Found a bloodstained altar of Trog.
  5148 | D:6      | Reached * piety under the Shining One
  5166 | D:6      | Noticed Menkaure
  5175 | D:6      | Killed Menkaure
  5180 | D:6      | Noticed Eustachio
  5196 | D:6      | Killed Eustachio
  5196 | D:6      | Reached skill level 10 in Axes
  5330 | D:7      | Found a flagged portal.
  5339 | Bailey   | Entered a bailey
  5727 | Bailey   | HP: 2/70 [orc warrior/bolt (10)]
  5731 | Bailey   | Mangled by an orc warrior

Vault maps used:
D:1:      wheals_arrival_linesprint
D:2:      corner_web_ring
D:3:      fedhas_altar_3, old_standard_altar
D:4:      grunt_temple_overflow_open, first_bread,
          nicolae_tso_swordbearing_angel
D:5:      st_stairs_7, grunt_pakellas_basics, uniq_grinder, uniq_sigmund,
          uniq_pikel, uniq_edmund
D:6:      bloody_trog, uniq_eustachio, uniq_menkaure
D:7:      lemuel_temple_firewalk_marked, enter_ossuary_3, enter_bailey_2,
          serial_shops, nicolae_shop_stone, minmay_gold_behind_fungi
Bailey:   bailey_polearm_2, bailey

Skill      XL: |  1  2  3  4  5  6  7  8  9 |
---------------+----------------------------+-----
Axes           | 3 4 5 6 7 9 10 | 10.3
Armour         | 4 5 6 7 8 9 |  9.2
Shields        | 4 5 6 |  6.4
Invocations    | 1 2 |  2.7
Fighting       | |  3.6

Action                   |  1- 3 |  4- 6 |  7- 9 || total
-------------------------+-------+-------+-------++-------
Melee: War axe           |   131 |   215 |   159 ||   505
 Fire: Arbalest          |       |       |    15 ||    15
Throw: Stone             |    25 |       |    20 ||    45
       Tomahawk          |       |     1 |    17 ||    18
 Abil: Evoke Flight      |       |       |     1 ||     1
  Use: Potion            |     1 |     3 |     4 ||     8
       Scroll            |       |     4 |     5 ||     9
  Eat: Chunk             |     1 |     8 |     4 ||    13
       Fruit             |       |     1 |     3 ||     4
